 Dungeon Crawl Stone Soup version 0.29-a0-330-g52719c12eb (webtiles) character file.

Game seed: 2607281205583732645

126 kae the Firebug (level 4, -5/35 HPs)
             Began as a Demigod Fire Elementalist on Apr 21, 2022.
             Slain by Eustachio
             ... wielding a +0 rapier
              (7 damage)
             ... on level 4 of the Dungeon.
             The game lasted 00:02:02 (4332 turns).

kae the Firebug (Demigod Fire Elementalist)         Turns: 4332, Time: 00:02:03

Health: -5/35      AC:  4    Str:  9    XL:     4   Next: 55%
Magic:  1/10       EV: 12    Int: 21    God:
Gold:   146        SH:  0    Dex: 14    Spells: 1/7 levels left

rFire   . . .      SeeInvis .   m - +3 mace (protect)
rCold   . . .      Faith    .   (no shield)
rNeg    . . .      Spirit   .   a - +0 robe
rPois   .          Reflect  .   (no helmet)
rElec   .          Harm     .   (no cloak)
rCorr   .          Rampage  .   r - +1 pair of gloves
Will    .....                   (no boots)
Stlth   ++........              (no amulet)
HPRegen 0.11/turn               (no ring)
MPRegen 0.12/turn               (no ring)

@: no status effects
A: high MP 1, forlorn, divine attributes
a: no special abilities


You were on level 4 of the Dungeon.
You visited 1 branch of the dungeon, and saw 4 of its levels.

You collected 146 gold pieces.

Inventory:

Hand Weapons
 e - a +0 spear
 m - a +3 mace of protection (weapon)
Armour
 a - a +0 robe (worn)
 r - a +1 pair of gloves (worn)
Scrolls
 i - a scroll of enchant armour
 j - 3 scrolls of fear
 k - a scroll of vulnerability
Potions
 b - a potion of magic
 f - a potion of lignification
 g - 4 potions of might
 l - a potion of mutation {unknown}
 o - a potion of degeneration {unknown}
 p - a potion of curing {unknown}
 q - a potion of flight {unknown}
 s - a potion of heal wounds {unknown}


   Skills:
 + Level 1.5 Fighting
 - Level 1.7 Dodging
 - Level 1.7 Stealth
 + Level 2.4 Spellcasting
 + Level 1.9 Conjurations
 * Level 3.8 Fire Magic


You had one spell level left.
You knew the following spells:

 Your Spells              Type           Power      Damage    Failure   Level
a - Foxfire               Conj/Fire      56%        2x1d6     4%          1
b - Scorch                Fire           36%        2d7       4%          2
c - Conjure Flame         Conj/Fire      14%        6-21      13%         3

Your spell library contained the following spells:

 Spells                   Type           Power      Damage    Failure   Level
 Inner Flame              Hex/Fire       10%        N/A       19%         3
 Ensorcelled Hibernation  Hex/Ice        4%         N/A       22%         2
 Passwall                 Tmut/Erth      1%         N/A       22%         2
 Ozocubu's Armour         Ice            2%         N/A       38%         3
 Spider Form              Tmut/Pois      2%         N/A       38%         3
 Swiftness                Air            2%         N/A       38%         3
 Flame Wave               Conj/Fire      14%        2d6       38%         4
 Anguish                  Hex/Necr       1%         N/A       80%         4
 Ozocubu's Refrigeration  Ice            1%         4d5       100%        7


Dungeon Overview and Level Annotations

Branches:
Dungeon (4/15)
 Temple: D:4-7

Annotations:
D:4 Edmund, Eustachio


Innate Abilities, Weirdness & Mutations

You have an increased reservoir of magic. (+10% MP)
You shall have no god before yourself.
Your divine heritage dramatically boosts your attributes as you level up.


Message History

Eustachio's fire resistance burns away.
Eustachio hits you with a +0 rapier!
Eustachio utters an oath, "I will die for my friends!"
Eustachio hits you with a +0 rapier!
Casting: Scorch (safe; 4% risk of failure)
Confirm with . or Enter, or press ? or * to list all spells.
Flames lash Eustachio.
Eustachio is moderately wounded.
Eustachio gestures wildly while chanting.
Eustachio blinks!
Eustachio completely misses you.
Casting: Scorch (safe; 4% risk of failure)
Confirm with . or Enter, or press ? or * to list all spells.
Flames lash Eustachio.
Eustachio is heavily wounded.
Eustachio hits you but does no damage.
Eustachio mumbles some strange words.
Eustachio blinks!
Casting: Scorch (safe; 4% risk of failure)
Confirm with . or Enter, or press ? or * to list all spells.
Flames lash Eustachio.
Eustachio is severely wounded.
Eustachio gestures wildly while chanting.
The quasit closely misses you. The quasit barely misses you. x2
Eustachio barely misses you.
Casting: Scorch (safe; 4% risk of failure)
Confirm with . or Enter, or press ? or * to list all spells.
Flames lash the quasit.
The quasit resists.
The quasit is moderately wounded.
The quasit's fire resistance burns away.
The quasit completely misses you. x2
The quasit claws you but does no damage.
The iron imp hits you!
* * * LOW HITPOINT WARNING * * *
Eustachio yells, "Perjured traitor, DIE!"
Eustachio mumbles some strange words.
The quasit bites you but does no damage.
The quasit barely misses you. x2; The iron imp hits you!
* * * LOW HITPOINT WARNING * * *
Eustachio hits you with a +0 rapier!
You die...

...# #..#
#..# #..#
#..######
#..#.5@.#
#..#5@#.#
#..####§#
#..§5...#
#5#######
#. h5 ...
..5 .##.


You could see Eustachio (combustible), an iron imp (summoned) and a quasit
(summoned, combustible).

Vanquished Creatures
  Terence (D:2)
  3 adders
  A worm (D:2)
  2 dart slugs
  6 orcs
  4 endoplasms
  4 giant cockroaches
  7 goblins
  6 hobgoblins
  2 jackals (D:1)
  7 kobolds
  2 quokkas
  6 ball pythons
  4 bats (D:1)
  2 frilled lizards
  4 rats
61 creatures vanquished.

Vanquished Creatures (others)
  211 foxfires
211 creatures vanquished.

Grand Total: 272 creatures vanquished

Notes
Turn   | Place    | Note
-------+----------+-------------------------------------------
     0 | D:1      | kae the Demigod Fire Elementalist began the quest for the
                  | Orb.
     0 | D:1      | Reached XP level 1. HP: 14/14 MP: 5/5
   127 | D:1      | Reached skill level 1 in Conjurations
   433 | D:1      | Reached XP level 2. HP: 22/22 MP: 5/7
   436 | D:1      | Learned a level 2 spell: Scorch
   478 | D:1      | Reached skill level 3 in Fire Magic
  1562 | D:2      | Reached XP level 3. HP: 16/27 MP: 2/8
  1829 | D:2      | Reached skill level 1 in Fighting
  2243 | D:2      | Noticed Terence
  2250 | D:2      | Killed Terence
  2867 | D:3      | Learned a level 3 spell: Conjure Flame
  3047 | D:3      | Reached XP level 4. HP: 26/35 MP: 3/10
  4070 | D:4      | Noticed Edmund
  4174 | D:4      | Noticed Eustachio
  4332 | D:4      | Slain by Eustachio

Illustrated notes

Levels and vault maps discovered:
D:1:      wander_arrival_abandoned_jail, layout_loops_ring,
          hellmonk_ecumenical_altar_heavens_door
D:2:      layout_basic, uniq_terence
D:3:      layout_basic, lemuel_coloured_pillars_altar
D:4:      layout_basic, makhleb_heckhound_becter, gammafunk_ghost_split,
          uniq_edmund, uniq_eustachio, uniq_blork_the_orc

Skill      XL: |  1  2  3 |
---------------+----------+-----
Conjurations   | 1 |  1.9
Fire Magic     | 3 |  3.8
Spellcasting   | 2 |  2.4
Fighting       | 1 |  1.5
Dodging        | |  1.7
Stealth        | |  1.7

Action                   |  1- 3 |  4- 6 || total
-------------------------+-------+-------++-------
Melee: Spear             |    15 |       ||    15
       Mace              |     9 |    14 ||    23
 Cast: Foxfire           |    90 |    36 ||   126
       Scorch            |     6 |     9 ||    15
  Use: Potion            |     2 |       ||     2
       Scroll            |       |     7 ||     7
Armor: Robe              |     5 |     7 ||    12
       Skin              |     7 |    10 ||    17
Dodge: Dodged            |    33 |    13 ||    46

Table legend: (Time is in decaauts)
 A = Elapsed time spent in this place.
 B = Non-inter-level travel time spent in this place.
 C = Inter-level travel time spent in this place.
 D = Time resting spent in this place.
 E = Time spent auto-exploring this place.
 F = Levels seen in this place.
 G = Mean time per level.
                   A        B        C        D        E       F      G
               +--------+--------+--------+--------+--------+-----+--------+
         Total |   4343 |   4162 |    181 |    131 |   3496 |   4 | 1085.8 |
       Dungeon |   4343 |   4162 |    181 |    131 |   3496 |   4 | 1085.8 |
               +--------+--------+--------+--------+--------+-----+--------+

Top non-repeatable levels by time:
     D:2: 1452 daAuts
     D:3: 1407 daAuts
     D:1: 1376 daAuts
     D:4: 106 daAuts
